 Dungeon Crawl Stone Soup version 0.17-a0-1105-gbe8b664 (webtiles) character file.

164 Hanyuu the Insei (level 5, -1/33 HPs)
             Began as an Octopode Transmuter on May 22, 2015.
             Slain by a hobgoblin
             ... wielding a +0 club
              (2 damage)
             ... on level 3 of the Dungeon.
             The game lasted 00:05:53 (2608 turns).

Hanyuu the Insei (Octopode Transmuter)              Turns: 2608, Time: 00:05:53

Health: -1/33      AC:  1    Str:  9    XL:     5   Next: 45%
Magic:  7/8        EV: 12    Int: 17    God:
Gold:   170        SH:  0    Dex: 12    Spells: 3 memorised, 2 levels left

rFire  . . .     SeeInvis .       - Unarmed
rCold  . . .     Clarity  .     (no shield)
rNeg   . . .     SustAb   .     (helmet restricted)
rPois  .         Gourm    .     (no amulet)
rElec  .         Spirit   .     (no ring)
rCorr  .         Warding  .     (no ring)
rMut   .         Stasis   .     (no ring)
MR     .....                    (no ring)
Stlth  ++........               (no ring)
                                (no ring)
                                (no ring)
                                (no ring)

@: lethally poisoned (-1 -> -10), appendage (expiring), flying, not resistant to
hostile enchantments, unstealthy
A: almost no armour, amphibious, 8 rings, constrict 8, tentacle spike 3,
camouflage 1, gelatinous body 1
a: End Transformation


You were on level 3 of the Dungeon.
You were not hungry.
One of your tentacles had a temporary spike.
You visited 1 branch of the dungeon, and saw 3 of its levels.

You collected 170 gold pieces.

Inventory:

Missiles
 a - 33 arrows
 f - 28 sling bullets
 m - 15 poisoned needles
Scrolls
 d - a scroll of noise {unknown}
 e - a scroll of identify {unknown}
 g - a scroll of immolation {unknown}
 h - a scroll of remove curse {unknown}
 i - 2 scrolls of enchant weapon {unknown}
 k - a scroll of fear {unknown}
 n - 3 scrolls of amnesia {unknown}
Books
 b - a book of Changes

   Spells                             Type                      Level
   a - Beastly Appendage              Transmutation                1
   b - Sticks to Snakes               Transmutation                2
   c - Spider Form                    Transmutation/Poison         3
   d - Ice Form                       Ice/Transmutation            4
   e - Blade Hands                    Transmutation                5
Comestibles
 c - 4 bread rations
 l - 20 chunks of flesh


   Skills:
 - Level 1.0 Fighting
 - Level 2.0 Dodging
 + Level 5.8 Unarmed Combat
 - Level 2.0 Spellcasting
 * Level 2.3 Transmutations


You had 2 spell levels left.
You knew the following spells:

 Your Spells              Type           Power        Failure   Level  Hunger
a - Beastly Appendage     Trmt           #.....       10%         1    #......
b - Sticks to Snakes      Trmt           #.........   14%         2    ###....
c - Spider Form           Trmt/Pois      #.........   38%         3    ###....


Dungeon Overview and Level Annotations

Branches:
Dungeon (3/15)

Altars:


Innate Abilities, Weirdness & Mutations

You cannot wear most types of armour.
You are amphibious.
You can wear up to eight rings at the same time.
You can use your tentacles to constrict eight enemies at once.
Your skin changes colour to match your surroundings (Stealth).
Your rubbery body absorbs attacks (AC +1).
One of your tentacles bears a large vicious spike.


Message History

The adder bites you.
You are poisoned.
The adder poisons you!
You tentacle-slap the adder.
The adder is heavily wounded.
You constrict the adder.
You feel sick. The hobgoblin hits you with a club.
* * * LOW HITPOINT WARNING * * *
A jackal comes into view.
The jackal barks!
The adder barely misses you.
Drink which item? (? for menu, Esc to quit)
It was a potion of flight.
You feel very buoyant.
You fly up into the air.
Your transformation is almost over.
You constrict the adder. The adder bites you.
* * * LOW HITPOINT WARNING * * *
You are more poisoned.
The adder poisons you! The hobgoblin hits you with a club.
You die...

.#.........###...#
.....##.##.###...######..
##.#..#.....##...........
#..........##........##.
#.##.#.....##.....##.#
#.####.....####...##.##
##............##........
.[)........##.#........#
############ .##@####..#
##Sgh..h.# .#.#.##.# ..
.. .# ... ... # .... ....
##.). ...## .... ....


You could see an adder, 2 jackals and a hobgoblin.

Vanquished Creatures
  An orc priest (D:3)
  5 adders
  An ooze (D:2)
  A worm (D:2)
  A giant gecko (D:3)
  10 orcs (D:3)
  5 giant cockroaches
  8 hobgoblins
  11 jackals
  2 quokkas (D:2)
  3 bats
  A giant newt (D:3)
  6 goblins
  6 kobolds
  9 rats
70 creatures vanquished.

Vanquished Creatures (others)
  A jackal (D:3)
1 creature vanquished.

Grand Total: 71 creatures vanquished

Notes
Turn   | Place    | Note
--------------------------------------------------------------
     0 | D:1      | Hanyuu the Octopode Transmuter began the quest for the Orb.
     0 | D:1      | Reached XP level 1. HP: 13/13 MP: 3/3
    57 | D:1      | Reached XP level 2. HP: 11/18 MP: 3/5
   683 | D:1      | Reached skill level 4 in Unarmed Combat
   800 | D:1      | Reached XP level 3. HP: 21/23 MP: 6/6
   804 | D:1      | Learned a level 2 spell: Sticks to Snakes
   808 | D:1      | Learned a level 3 spell: Spider Form
  1709 | D:2      | Reached XP level 4. HP: 15/28 MP: 5/7
  1984 | D:2      | Reached skill level 5 in Unarmed Combat
  2352 | D:3      | Reached XP level 5. HP: 33/33 MP: 1/8
  2608 | D:3      | HP: 1/33 [adder (4)]
  2608 | D:3      | Slain by a hobgoblin

Vault maps used:
D:1:      minmay_arrival_open_corners
D:2:      serial_bayou_ford_a
D:3:      grunt_qazlal_clouds, amethyst_overflow_temple_binary, first_bread,
          st_stairs_4, kennysheep_generic_room_12

Action                   |  1- 3 |  4- 6 || total
-------------------------+-------+-------++-------
Melee: Unarmed           |    84 |    82 ||   166
 Cast: Beastly Appendage |     4 |     6 ||    10
       Spider Form       |       |     2 ||     2
  Use: Potion            |       |     1 ||     1
 Stab: Distracted        |     1 |       ||     1
       Sleeping          |       |     1 ||     1
  Eat: Chunk             |     2 |     4 ||     6
